 Dungeon Crawl Stone Soup version 0.15.1-4-gac8487e (webtiles) character file.

118658 Johnny the Frost Mage (level 15, -16/126 HPs)
             Began as a Demigod Ice Elementalist on Oct 14, 2014.
             Killed from afar by Mara (illusionary) (55 damage)
             ... with a bolt of fire
             ... on Level 5 of the Spider Nest.
             The game lasted 02:45:05 (45034 turns).

Johnny the Frost Mage (Demigod Ice Elementalist)   Turns: 45034, Time: 02:45:06

HP -16/126       AC 33     Str 14      XL: 15   Next: 78%
MP  16/34        EV  7     Int 31      God:
Gold 777         SH  0     Dex 25      Spells:  6 memorised, 13 levels left

rFire  . . .     SeeInvis +     p - +7 broad axe of the Shoals {chop, rElec rPois Stlth++}
rCold  + . .     Clarity  .     d - +9 chain mail "Psair" {Dex+3 Int+3}
rNeg   . . .     rCorr    .     (no shield)
rPois  +         rRot     .     e - +2 helmet {Int+3}
rElec  +         Spirit   .     l - +2 cloak
SustAb .         Warding  .     i - +3 pair of gloves of the Jabberwock {Dex+3 Stlth+}
rMut   +         Stasis   .     X - +2 pair of boots
Gourm  .                        j - amulet of resist mutation
MR     +....                    J - ring of see invisible
                                Z - ring of protection from cold

@: very slightly contaminated, hasted, very quick, somewhat resistant to hostile
enchantments, stealthy
A: hooves 1
a: no special abilities


You were on level 5 of the Spider Nest.
You were very hungry.

You visited 4 branches of the dungeon, and saw 32 of its levels.
You also visited: Ossuary, Ice Cave and Volcano.

You collected 3633 gold pieces.
You spent 2856 gold pieces at shops.

Inventory:

Hand weapons
 p - the +7 broad axe of the Shoals (weapon) {chop, rElec rPois Stlth++}
   (You found it in an ice cave)

   It inflicts extra damage upon your enemies.
   It insulates you from electricity.
   It protects you from poison.
   It makes you much more stealthy.
Armour
 d - the +9 chain mail "Psair" (worn) {Dex+3 Int+3}
   (You bought it in a shop on level 4 of the Orcish Mines)

   It affects your intelligence (+3).
   It affects your dexterity (+3).
 e - a +2 helmet of intelligence (worn)
 i - the +3 pair of gloves of the Jabberwock (worn) {Dex+3 Stlth+}
   (You bought it in a shop on level 4 of the Orcish Mines)

   It affects your dexterity (+3).
   It makes you more stealthy.
 l - a +2 cloak (worn)
 X - a +2 pair of boots (worn)
Magical devices
 c - a wand of lightning (5)
 k - a wand of digging (5)
 o - a wand of disintegration (21)
 r - a wand of paralysis (3)
 s - a wand of cold (1)
 v - a wand of fireball (4)
 x - a wand of draining (3)
 P - a wand of confusion (17)
 W - a wand of teleportation (3)
Comestibles
 t - 17 fruits
 y - a meat ration
Scrolls
 a - 8 scrolls of fog
 g - 2 scrolls of identify
 n - 5 scrolls of vulnerability
 q - 5 scrolls of magic mapping
 u - a scroll of holy word
 w - 2 scrolls of fear
 B - 4 scrolls of recharging
 C - a scroll of summoning
 G - a scroll of blinking
 U - 6 scrolls of remove curse
 V - 5 scrolls of teleportation
 Y - 11 scrolls of amnesia
Jewellery
 j - an amulet of resist mutation (around neck)
 A - an uncursed ring of ice
 J - a ring of see invisible (right hand)
 O - an uncursed ring of flight
 Q - a +4 ring of strength
 Z - a ring of protection from cold (left hand)
Potions
 f - 5 potions of curing
 h - a potion of cancellation
 m - 4 potions of restore abilities
 z - a potion of might
 D - a potion of invisibility
 E - 2 potions of resistance
 F - 4 potions of flight
 H - 2 potions of heal wounds
 L - 4 potions of brilliance
 N - 4 potions of berserk rage
 R - 5 potions of haste
 S - a potion of magic
 T - 4 potions of agility
Miscellaneous
 b - a stone of tremors
 I - a fan of gales (inert)
 K - a lamp of fire (inert)
 M - a sack of spiders {used: 11}


   Skills:
 * Level 10.1 Fighting
 * Level 7.4 Axes
 + Level 6.8 Armour
 + Level 7.5 Dodging
 + Level 8.2 Stealth
 * Level 9.5 Spellcasting
 * Level 7.4 Conjurations
 * Level 10.1 Summonings
 * Level 11.0 Ice Magic
 * Level 7.1 Air Magic
 + Level 7.2 Evocations


You had 13 spell levels left.
You knew the following spells:

 Your Spells              Type           Power        Failure   Level  Hunger
a - Freeze                Ice            ####         1%          1    None
b - Summon Ice Beast      Ice/Summ       ######..     12%         4    None
c - Cure Poison           Pois           ##........   96%         2    None
d - Throw Icicle          Conj/Ice       ######..     21%         4    None
e - Mephitic Cloud        Conj/Pois/Air  #####...     34%         3    None
f - Freezing Cloud        Conj/Ice/Air   ######....   100%        6    #####..


Dungeon Overview and Level Annotations

Branches:
Dungeon (15/15)            Temple (0/1) D:5             Orc (4/4) D:11
   Lair (8/8) D:11         Shoals (0/5) Lair:5       Spider (5/5) Lair:4
  Slime (0/6) Lair:8       Vaults (0/5) D:13         Depths (0/5) D:15
    Elf: Orc:3-4

Shops:
D:7 ?   D:9 *   D:11 %   Orc:2 %(*((   Orc:4 [[(

Annotations:
Spider:5 Mara


Innate Abilities, Weirdness & Mutations

You have large cloven feet.


Message History

The bolt of fire misses your trapdoor spider.
The bolt of fire hits you!
Your spider is engulfed in noxious fumes.
Your spider appears confused.
Your spider bites your trapdoor spider but does no damage.
Your trapdoor spider is engulfed in noxious fumes.
Your trapdoor spider bites your spider!
Your spider is poisoned.
Your trapdoor spider poisons your spider!
Your spider dies!
Your spider's corpse disappears in a puff of smoke!
Your trapdoor spider closely misses Mara.
Your demonic crawler closely misses Mara.
Your demonic crawler misses Mara.
Your demonic crawler hits Mara.
Johnny's illusion gestures wildly while chanting.
Your ice beast hits Johnny's illusion but does no damage.
Mara gestures at you.
The bolt of fire hits your trapdoor spider.
The bolt of fire hits you!
You die...

#... #.^#..#
#..##.....##
#.........##
#...R.Y..^#
#..§.s/ss##
#..R@§s^.#
##ss§Y§.##
##.ss###
###s@#####
##s.#^.## ##
#..#^..###
#^.#........#
#...........#
##.........^##
##.......#..##
##...........#
#....^.<.....#


You could see 2 Maras, an ice beast, Johnny's illusion, a friendly demonic
crawler, 3 friendly trapdoor spiders, a friendly ice beast, 2 friendly spiders
and a friendly giant mite.

Vanquished Creatures
  A frost giant (IceCv)
  2 emperor scorpions
  A stone giant (Orc:4)
  An ogre mage (D:13)
  A fire dragon (Lair:8)
  Nessos (D:15)
  2 hydras
  2 centaur warriors
  A death yak (IceCv)
  A catoblepas (Lair:7)
  3 orc high priests (Orc:4)
  A skeletal warrior (D:13)
  A lindwurm (Volcano)
  6 orb spiders
  2 unseen horrors
  Erolcha (Orc:3)
  6 hill giants
  A manticore (D:13)
  A moth of wrath (Spider:3)
  5 cyclopes
  13 wolf spiders
  2 ugly things
  An orc sorcerer (Orc:4)
  A red wasp (Spider:4)
  A griffon (D:15)
  A sixfirhy (Orc:4)
  2 molten gargoyles (Volcano)
  3 black mambas
  A gargoyle (D:15)
  6 spiny frogs
  3 fire drakes
  4 kobold demonologists
  An efreet (D:13)
  3 yaktaurs (D:13)
  A hellwing (Orc:4)
  11 demonic crawlers
  6 komodo dragons
  A blink frog (Lair:2)
  5 trolls
  17 polar bears
  A two-headed ogre (D:13)
  5 jumping spiders
  A slime creature (D:14)
  A fire dragon zombie (D:12)
  2 boulder beetles (Lair:7)
  7 trapdoor spiders
  A wyvern (D:10)
  4 wandering mushrooms (D:8)
  4 shadows
  2 basilisks
  7 hogs (Lair:8)
  3 deep elf magi
  21 redbacks
  A wraith (D:13)
  7 tarantellas
  31 yaks
  Grum (Orc:3)
  21 wolves
  6 hippogriffs
  3 vampire mosquitoes
  A hell hound (Lair:8)
  5 wargs
  A human zombie (D:14)
  2 soldier ants
  6 porcupines
  A hungry ghost (D:12)
  An ogre skeleton (D:11)
  7 water moccasins
  3 mottled dragons
  4 ice beasts
  4 sky beasts
  A swamp drake (Orc:2)
  2 tengu skeletons
  28 orc warriors
  17 spiders
  A phantom (D:14)
  5 ogres
  5 black bears (Lair:8)
  3 yellow wasps
  A boring beetle (Lair:6)
  Sigmund (D:3)
  13 centaurs
  7 crocodiles
  3 big kobolds
  13 giant frogs
  2 brain worms
  A cyclops zombie (D:15)
  A cyclops skeleton (D:13)
  12 scorpions
  A wyvern skeleton (D:13)
  2 eyes of draining
  An electric eel (Lair:5)
  A killer bee (D:11)
  2 oklob saplings (D:8)
  4 wights
  A manticore simulacrum (D:15)
  A giant frog zombie (D:6)
  4 jellies
  8 crimson imps
  A giant frog skeleton (D:13)
  An elf skeleton (D:15)
  An iron imp (Orc:2)
  15 hounds
  2 elf zombies
  A gnoll shaman (D:8)
  8 iguanas
  26 orc priests
  28 orc wizards
  7 worker ants
  12 sheep
  Ijyb (D:2)
  A crocodile zombie (D:11)
  A mummy (Ossuary)
  22 adders
  5 gnolls
  30 green rats
  6 shadow imps
  3 giant mites
  A white imp (Orc:2)
  An inept feature mimic (D:7)
  A worm (D:3)
  3 orc zombies
  An adder skeleton (D:7)
  3 oozes
  168 orcs
  3 ball pythons
  A bat zombie (D:8)
  7 giant cockroaches
  19 goblins
  13 hobgoblins
  17 kobolds
  6 quokkas
  7 bats
  4 giant geckos
  7 giant newts
  2 giant spores
  A goblin skeleton (D:5)
  8 jackals
  A kobold zombie (D:8)
  An orc skeleton (D:6)
  8 rats
  14 ballistomycetes
  6 fungi
  A plant (Lair:8)
903 creatures vanquished.

Vanquished Creatures (collateral kills)
  3 emperor scorpions (Spider:3)
  An orc warlord (Orc:4)
  An ettin (D:15)
  7 hydras
  An ogre mage (D:15)
  4 death yaks (Lair:6)
  The ghost of zordkkahn the Slinger, an experienced SpAr of Ashenzari (D:13)
  2 catoblepae (D:15)
  A hell knight (D:15)
  7 hill giants
  12 orb spiders
  An unseen horror (D:11)
  A griffon (D:15)
  An orc sorcerer (Orc:4)
  10 wolf spiders
  A moth of wrath (Spider:4)
  An ugly thing (D:12)
  An orc knight (D:15)
  2 toenail golems (Volcano)
  An elephant (Lair:4)
  Joseph (D:10)
  7 black mambas
  A gargoyle (D:11)
  3 spiny frogs
  4 fire drakes
  A kobold demonologist (D:15)
  6 komodo dragons
  6 demonic crawlers
  2 trolls
  9 jumping spiders
  5 polar bears
  The ghost of Johnny the Chiller, an average DgIE (D:5)
  3 boulder beetles
  3 basilisks (Lair:8)
  4 slime creatures (D:14)
  A two-headed ogre (D:13)
  3 deep elf magi
  2 trapdoor spiders
  2 blink frogs (Lair:2)
  16 tarantellas
  25 redbacks
  2 hogs (Lair:8)
  7 hippogriffs
  26 yaks
  3 wyverns
  5 vampire mosquitoes
  A steam dragon (Lair:8)
  A hill giant skeleton (D:9)
  3 hell hounds (Lair:8)
  2 water moccasins (Lair:2)
  Edmund (D:7)
  A hungry ghost (D:9)
  A mottled dragon (D:15)
  20 wolves
  3 wargs
  A sky beast (D:11)
  2 porcupines
  17 spiders
  A swamp drake (Lair:5)
  12 orc warriors
  A phantom (D:4)
  A black bear (Lair:8)
  9 crocodiles
  10 centaurs
  6 ogres
  3 giant frogs
  5 big kobolds
  An insubstantial wisp (Lair:5)
  A wyvern skeleton (D:10)
  4 scorpions
  11 wights
  A troll zombie (D:9)
  2 killer bees (D:11)
  3 goliath beetles
  2 crimson imps
  6 orc priests
  A giant frog skeleton (D:11)
  2 jellies
  10 hounds
  3 iguanas
  9 orc wizards
  3 sheep
  3 worker ants
  8 mummies
  5 adders
  7 gnolls
  44 green rats
  An ufetubus (D:15)
  An adder skeleton (D:5)
  47 orcs
  3 hobgoblins
  2 jackals (Lair:8)
  11 kobolds
  A bat (D:10)
  A giant gecko (D:9)
  2 gnoll zombies (Ossuary)
  A goblin (Orc:2)
  4 hobgoblin zombies (Ossuary)
  A kobold zombie (Ossuary)
  An orc zombie (Ossuary)
  2 rats
  10 ballistomycetes
  A butterfly (D:5)
  5 fungi
  A plant (Lair:8)
529 creatures vanquished.

Vanquished Creatures (others)
  A red wasp (Spider:3)
  A jumping spider (Spider:2)
  4 yaks (IceCv)
  4 trapdoor spiders
  9 wolves (IceCv)
  5 spiders
  182 ice beasts
  An orc warrior (D:11)
  A scorpion (Spider:5)
  12 chimeras
  An orc skeleton (D:13)
  2 orcs
  2 jackals (D:6)
  6 giant spores
  An orc zombie (Orc:2)
  2 ballistomycetes (D:15)
  5 fungi (Lair:8)
  5 plants
244 creatures vanquished.

Grand Total: 1676 creatures vanquished

Notes
Turn   | Place    | Note
--------------------------------------------------------------
     0 | D:1      | Johnny, the Demigod Ice Elementalist, began the quest for the Orb.
     0 | D:1      | Reached XP level 1. HP: 14/14 MP: 3/3
   502 | D:1      | Reached XP level 2. HP: 22/22 MP: 4/4
   735 | D:2      | Reached skill level 3 in Ice Magic
   904 | D:2      | Found an iron altar of Okawaru.
   905 | D:2      | Found a burning altar of Makhleb.
   905 | D:2      | Found a deep blue altar of Sif Muna.
  1032 | D:2      | Reached XP level 3. HP: 9/27 MP: 0/8
  1487 | D:2      | Noticed Ijyb
  1512 | D:2      | Reached skill level 1 in Fighting
  1630 | D:2      | Killed Ijyb
  1630 | D:2      | Reached XP level 4. HP: 32/35 MP: 7/10
  1648 | D:2      | Learned a level 4 spell: Summon Ice Beast
  1932 | D:3      | Reached skill level 1 in Armour
  1932 | D:3      | Reached skill level 1 in Summonings
  2205 | D:3      | Noticed Sigmund
  2215 | D:3      | Reached XP level 5. HP: 40/40 MP: 7/12
  2373 | D:3      | Killed Sigmund
  2429 | D:3      | Noticed a hippogriff
  2440 | D:3      | Killed a hippogriff
  2440 | D:3      | Reached XP level 6. HP: 29/48 MP: 5/15
  2668 | D:3      | Found a glowing silver altar of Zin.
  2806 | D:4      | Noticed a phantom
  2832 | D:4      | Killed a phantom
  2832 | D:4      | Reached skill level 4 in Ice Magic
  2832 | D:4      | Reached skill level 1 in Evocations
  3402 | D:5      | Entered Level 5 of the Dungeon
  3402 | D:5      | Noticed Johnny's ghost (average DgIE)
  3412 | D:5      | Reached XP level 7. HP: 40/56 MP: 9/18
  3569 | D:5      | Found a staircase to the Ecumenical Temple.
  4075 | D:5      | Killed Johnny's ghost
  4222 | D:5      | Learned a level 4 spell: Throw Icicle
  4560 | D:6      | Reached skill level 5 in Ice Magic
  4560 | D:6      | Reached XP level 8. HP: 13/63 MP: 11/20
  4922 | D:6      | Found a shattered altar of Ashenzari.
  5806 | D:7      | Found Qunas' Magic Scroll Shop.
  5885 | D:7      | Found a sand-covered staircase.
  5893 | Ossuary  | Entered an ossuary
  6330 | D:7      | Noticed Edmund
  6345 | D:7      | Killed Edmund
  6582 | D:7      | Bought a scroll of identify for 26 gold pieces
  6582 | D:7      | Bought a scroll of summoning for 123 gold pieces
  6582 | D:7      | Bought a scroll of amnesia for 45 gold pieces
  6582 | D:7      | Bought a scroll of remove curse for 39 gold pieces
  6582 | D:7      | Bought a scroll of recharging for 123 gold pieces
  6582 | D:7      | Bought a scroll of identify for 26 gold pieces
  6582 | D:7      | Bought a scroll of amnesia for 45 gold pieces
  6582 | D:7      | Bought a scroll of holy word for 97 gold pieces
  7370 | D:8      | Reached XP level 9. HP: 21/72 MP: 3/23
  7592 | D:8      | Noticed a wandering mushroom
  7615 | D:8      | Killed a wandering mushroom
  7627 | D:8      | Noticed a wandering mushroom
  7652 | D:8      | Found a blossoming altar of Fedhas.
  7652 | D:8      | Noticed a wandering mushroom
  7652 | D:8      | Noticed a wandering mushroom
  7660 | D:8      | Killed a wandering mushroom
  7781 | D:8      | Killed a wandering mushroom
  7781 | D:8      | Reached skill level 6 in Ice Magic
  7802 | D:8      | Killed a wandering mushroom
  7836 | D:8      | Reached skill level 5 in Fighting
  8076 | D:8      | Found a bloodstained altar of Trog.
  9117 | D:9      | Reached skill level 5 in Spellcasting
  9320 | D:9      | Found Kayr's General Store.
  9334 | D:9      | Bought a scroll of identify for 20 gold pieces
  9675 | D:9      | Reached skill level 5 in Summonings
 10017 | D:9      | Reached XP level 10. HP: 48/81 MP: 5/25
 10576 | D:10     | Entered Level 10 of the Dungeon
 10576 | D:10     | Noticed Joseph
 10584 | D:10     | Killed Joseph
 11017 | D:10     | Noticed a hill giant
 11703 | D:10     | Killed a hill giant
 11972 | D:10     | Noticed a hill giant
 11987 | D:10     | Killed a hill giant
 11987 | D:10     | Reached skill level 7 in Ice Magic
 12008 | D:10     | Killed an unseen horror
 12008 | D:10     | Reached skill level 5 in Stealth
 12308 | D:10     | Noticed a hill giant
 12317 | D:10     | Killed a hill giant
 12338 | D:10     | Noticed a hill giant
 12348 | D:10     | Killed a hill giant
 12428 | D:11     | Noticed a hill giant
 12440 | D:11     | Killed a hill giant
 12509 | D:11     | Found a roughly hewn altar of Beogh.
 12646 | D:11     | Noticed an eight-headed hydra
 12655 | D:11     | Killed an eight-headed hydra
 12687 | D:11     | Found a staircase to the Lair.
 12692 | D:11     | Noticed a hill giant
 12702 | D:11     | Killed a hill giant
 12757 | D:11     | Found a staircase to the Orcish Mines.
 12784 | D:11     | Found a frozen archway.
 12799 | IceCv    | Entered an ice cave
 12972 | IceCv    | Learned a level 2 spell: Cure Poison
 12976 | IceCv    | Learned a level 3 spell: Mephitic Cloud
 12999 | IceCv    | Reached XP level 11. HP: 80/91 MP: 8/27
 13283 | IceCv    | Noticed an ice statue
 13555 | IceCv    | Reached skill level 5 in Armour
 14386 | IceCv    | Reached skill level 8 in Ice Magic
 14652 | IceCv    | Noticed a death yak
 14795 | IceCv    | Noticed a frost giant
 14800 | IceCv    | Reached skill level 5 in Dodging
 14802 | IceCv    | Killed a death yak
 14802 | IceCv    | Reached skill level 5 in Evocations
 14804 | IceCv    | Killed a frost giant
 14982 | IceCv    | Identified Chottirgh's Disquisition on Harmful Snow
 14997 | IceCv    | Learned a level 6 spell: Freezing Cloud
 15000 | IceCv    | Got a smoking broad axe
 15116 | D:11     | Reached skill level 1 in Conjurations
 15168 | D:11     | Noticed a six-headed hydra
 15229 | D:11     | Killed a six-headed hydra
 15229 | D:11     | Reached skill level 1 in Air Magic
 15990 | D:11     | Found Shrint's Food Shop.
 15997 | D:11     | Killed an unseen horror
 16127 | D:11     | Killed an unseen horror
 16752 | Lair:1   | Entered Level 1 of the Lair of Beasts
 16841 | Lair:1   | Identified the +7 broad axe of the Shoals {chop, rElec rPois Stlth++} (You found it in an ice cave)
 16891 | Lair:1   | Noticed a six-headed hydra
 16903 | Lair:1   | Killed a six-headed hydra
 17214 | Lair:1   | Reached skill level 1 in Axes
 17252 | Lair:1   | Reached XP level 12. HP: 100/100 MP: 29/29
 19771 | Lair:4   | Identified a scroll of acquirement
 20265 | Lair:4   | Found a hole to the Spider Nest.
 20464 | Lair:4   | Gained mutation: You have a beak for a mouth. [potion of beneficial mutation]
 21241 | D:9      | Bought a potion of cure mutation for 350 gold pieces
 21373 | D:11     | Lost mutation: You have a beak for a mouth. [potion of cure mutation]
 21587 | Lair:5   | Found a dark tunnel.
 21592 | Volcano  | Entered a volcano
 22057 | Lair:5   | Noticed a six-headed hydra
 22074 | Lair:5   | Killed a six-headed hydra
 22383 | Lair:5   | Found a staircase to the Shoals.
 23497 | Lair:6   | Noticed a five-headed hydra
 23508 | Lair:6   | Killed a five-headed hydra
 23508 | Lair:6   | Reached skill level 9 in Ice Magic
 23719 | Lair:6   | Reached XP level 13. HP: 102/107 MP: 13/31
 25583 | Lair:8   | Entered Level 8 of the Lair of Beasts
 25583 | Lair:8   | Noticed a six-headed hydra
 25762 | Lair:8   | Killed a six-headed hydra
 26452 | Lair:8   | Reached skill level 5 in Air Magic
 26875 | Lair:8   | Found a staircase to the Slime Pits.
 27781 | Orc:1    | Entered Level 1 of the Orcish Mines
 28103 | Orc:2    | Found Tayvetel's General Store.
 28118 | Orc:2    | Found Fabuot's Food Emporium.
 28122 | Orc:2    | Found Shruatoitt's Weapon Boutique.
 28125 | Orc:2    | Bought a scroll of teleportation for 39 gold pieces
 28125 | Orc:2    | Bought a scroll of fear for 45 gold pieces
 28204 | Orc:2    | Found Iboux's Antique Weapon Shop.
 28250 | Orc:2    | Found Xiecwowe's Weapon Shop.
 28784 | Orc:3    | Noticed Erolcha
 28791 | Orc:3    | Killed Erolcha
 29055 | Orc:3    | Noticed Grum
 29062 | Orc:3    | Killed Grum
 29289 | Orc:4    | Entered Level 4 of the Orcish Mines
 29409 | Orc:4    | Noticed an orc warlord
 29434 | Orc:4    | Noticed a stone giant
 29485 | Orc:4    | Killed an orc warlord
 29485 | Orc:4    | Reached skill level 5 in Axes
 29485 | Orc:4    | Reached XP level 14. HP: 116/116 MP: 4/32
 29671 | Orc:4    | Found a roughly hewn altar of Beogh.
 29672 | Orc:4    | Found Tuppev's Antique Armour Shoppe.
 29744 | Orc:4    | Bought a pair of faintly humming gloves for 209 gold pieces
 29756 | Orc:4    | Identified the +3 pair of gloves of the Jabberwock {Dex+3 Stlth+} (You bought it in a shop on level 4 of the Orcish Mines)
 29924 | Orc:4    | Reached skill level 5 in Conjurations
 29945 | Orc:4    | Found a roughly hewn altar of Beogh.
 29946 | Orc:4    | Found Tynyuth's Antique Armour Boutique.
 29949 | Orc:4    | Found Xuakhua's Antique Weapon Shop.
 29956 | Orc:4    | Bought a smoking ring mail for 288 gold pieces
 29956 | Orc:4    | Bought a fine scale mail for 288 gold pieces
 29972 | Orc:4    | Identified the +2 ring mail of Awe {rF+ MR+ Int+1} (You bought it in a shop on level 4 of the Orcish Mines)
 29988 | Orc:4    | Identified the +1 scale mail of Stet {rC+ Stlth+} (You bought it in a shop on level 4 of the Orcish Mines)
 30075 | Orc:4    | Found a roughly hewn altar of Beogh.
 30368 | Orc:4    | Killed a stone giant
 30521 | Orc:4    | Found a roughly hewn altar of Beogh.
 30524 | Orc:4    | Found Lezxium's Food Emporium.
 30757 | Orc:4    | Found a roughly hewn altar of Beogh.
 30849 | Orc:4    | Bought a bloodstained chain mail for 209 gold pieces
 30849 | Orc:4    | Bought a shiny ring mail for 88 gold pieces
 30875 | Orc:4    | Identified the +9 chain mail "Psair" {Dex+3 Int+3} (You bought it in a shop on level 4 of the Orcish Mines)
 30977 | Orc:4    | Bought a meat ration for 50 gold pieces
 30977 | Orc:4    | Bought a bread ration for 50 gold pieces
 30977 | Orc:4    | Bought a beef jerky for 15 gold pieces
 30977 | Orc:4    | Bought a royal jelly for 20 gold pieces
 30977 | Orc:4    | Bought a beef jerky for 15 gold pieces
 30977 | Orc:4    | Bought a beef jerky for 15 gold pieces
 30977 | Orc:4    | Bought a meat ration for 50 gold pieces
 30977 | Orc:4    | Bought a bread ration for 50 gold pieces
 30977 | Orc:4    | Bought a beef jerky for 15 gold pieces
 30977 | Orc:4    | Bought a bread ration for 50 gold pieces
 31085 | Orc:2    | Bought a jewelled war axe for 187 gold pieces
 31085 | Orc:2    | Bought a dazzling hand axe for 176 gold pieces
 31092 | Orc:2    | Identified the +5 hand axe of Discomfort {freeze, *Rage rF+} (You bought it in a shop on level 2 of the Orcish Mines)
 31093 | Orc:2    | Identified the cursed +1 war axe of Wyrd {antimagic, rElec rPois rF+} (You bought it in a shop on level 2 of the Orcish Mines)
 31124 | Orc:2    | Bought a potion of might for 32 gold pieces
 31124 | Orc:2    | Bought a scroll of amnesia for 45 gold pieces
 31124 | Orc:2    | Bought a scroll of fog for 26 gold pieces
 32773 | D:13     | Noticed zordkkahn's ghost (experienced SpAr)
 32789 | D:13     | Killed zordkkahn's ghost
 32921 | D:13     | Found a gate to the Vaults.
 33135 | D:13     | Reached skill level 10 in Ice Magic
 34950 | D:15     | Entered Level 15 of the Dungeon
 35590 | D:15     | Noticed Nessos
 35621 | D:15     | Killed Nessos
 36705 | D:15     | Got a warped marble ring
 36708 | D:15     | Identified the ring "Xufeheh" {-Cast rPois Dex+3} (You acquired it on level 15 of the Dungeon)
 36743 | D:15     | Found a staircase to the Depths.
 37251 | Spider:1 | Entered Level 1 of the Spider Nest
 38098 | Spider:1 | Reached XP level 15. HP: 119/125 MP: 23/34
 41389 | Spider:3 | Gained mutation: You have large cloven feet. [potion of beneficial mutation]
 42205 | Spider:3 | You fall through a shaft!
 42658 | Spider:4 | Reached skill level 10 in Summonings
 42913 | Spider:3 | Reached skill level 10 in Fighting
 43823 | Spider:3 | Reached skill level 11 in Ice Magic
 44998 | Spider:5 | Entered Level 5 of the Spider Nest
 45013 | Spider:5 | Noticed Mara
 45014 | Spider:5 | Noticed Johnny's illusion
 45034 | Spider:5 | Killed from afar by Mara (illusionary)

Action                   |  1- 3 |  4- 6 |  7- 9 | 10-12 | 13-15 || total
-------------------------+-------+-------+-------+-------+-------++-------
Melee: Unarmed           |    16 |       |       |       |       ||    16
       Dagger            |    61 |    26 |       |       |       ||    87
       Spear             |       |    87 |   509 |       |       ||   596
       Battleaxe         |       |       |       |   198 |       ||   198
       Broad axe         |       |       |       |   316 |  1653 ||  1969
Throw: Javelin           |    26 |       |       |       |       ||    26
 Cast: Freeze            |    42 |    46 |    35 |    44 |     5 ||   172
       Summon Ice Beast  |       |     4 |    74 |   227 |   324 ||   629
       Throw Icicle      |       |       |     3 |    10 |    82 ||    95
       Mephitic Cloud    |       |       |       |       |    29 ||    29
       Freezing Cloud    |       |       |       |       |     1 ||     1
Evoke: Wand              |       |       |    15 |    64 |    22 ||   101
       Box of beasts     |       |       |       |     1 |    19 ||    20
       Stone of tremors  |       |       |       |     1 |       ||     1
       Lamp of fire      |       |       |       |       |     3 ||     3
       Sack of spiders   |       |       |       |       |    13 ||    13
       Fan of gales      |       |       |       |       |     1 ||     1
  Use: Scroll            |     3 |     3 |    17 |    26 |    23 ||    72
       Potion            |       |       |     1 |    17 |     8 ||    26
 Stab: Sleeping          |       |     5 |    10 |    20 |    54 ||    89
       Distracted        |       |     1 |     5 |     9 |    28 ||    43
       Confused          |       |       |       |       |     9 ||     9
       Paralysed         |       |       |       |       |     6 ||     6
  Eat: Chunk             |     2 |     7 |    23 |    56 |    75 ||   163
       Beef jerky        |       |       |     2 |       |     1 ||     3
       Bread ration      |       |       |     1 |       |       ||     1
       Meat ration       |       |       |     1 |       |       ||     1
       Fruit             |       |       |       |    11 |       ||    11
       Pizza             |       |       |       |     1 |     1 ||     2
       Royal jelly       |       |       |       |     1 |     1 ||     2
